 Dungeon Crawl Stone Soup version 0.27-a0-668-gb5737ff2c0 (webtiles) character file.

Game seed: 7363293232249368906

51 night the Chopper (level 3, -1/51 HPs)
             Began as a Deep Dwarf Berserker on Mar 17, 2021.
             Was a Follower of Trog.
             Killed from afar by Sigmund (9 damage)
             ... with a magic dart
             ... on level 2 of the Dungeon.
             The game lasted 00:04:19 (790 turns).

night the Chopper (Deep Dwarf Berserker)             Turns: 790, Time: 00:04:19

Health: -1/51      AC:  5    Str: 21    XL:     3   Next: 57%
Magic:  3/3        EV: 11    Int:  7    God:    Trog [*.....]
Gold:   26         SH:  0    Dex: 12    Spells: 2/2 levels left

rFire    . . .     SeeInvis .   a - +0 hand axe
rCold    . . .     Faith    .   (no shield)
rNeg     . . .     Spirit   .   g - +0 ring mail
rPois    .         Reflect  .   (no helmet)
rElec    .         Harm     .   (no cloak)
rCorr    .         Rampage  .   (no gloves)
Will     .....                  (no boots)
Stlth    ..........             (no amulet)
HPRegen  0.00/turn              (no ring)
MPRegen  0.08/turn              (no ring)

@: berserking (expiring), non-regenerating, very quick
A: damage resistance, heal wounds, sense surroundings 1, no regeneration
a: Heal Wounds, Renounce Religion, Berserk


You were on level 2 of the Dungeon.
You worshipped Trog.
Trog was aware of your devotion.
You visited 1 branch of the dungeon, and saw 2 of its levels.

You collected 26 gold pieces.

Inventory:

Hand Weapons
 a - a +0 hand axe (weapon)
Armour
 b - a +0 animal skin
 g - a +0 ring mail (worn)
Jewellery
 h - a ring of willpower
Scrolls
 c - 2 scrolls of teleportation {unknown}
 d - a scroll of noise {unknown}
 f - 3 scrolls of identify {unknown}
 i - a scroll of fear {unknown}
Potions
 e - 2 potions of curing {unknown}
 j - a potion of cancellation {unknown}
 k - a potion of might {unknown}


   Skills:
 + Level 3.5 Fighting
 + Level 4.2 Axes
 - Level 2.1 Armour
 - Level 2.1 Dodging


You had 2 spell levels left.
You didn't know any spells.
Your spell library was empty.

Dungeon Overview and Level Annotations

Branches:
Dungeon (2/15)

Altars:

Shops:
D:2 (

Annotations:
D:2 Sigmund


Innate Abilities, Weirdness & Mutations

You are resistant to damage.
You can heal yourself by infusing magical energy.
You passively map a small area around you.
You do not regenerate.


Message History

Sigmund points at you and mumbles some strange words.
The puff of flame hits you.
You are no longer poisoned.
You feel yourself speed up. Sigmund closely misses you.
Sigmund casts a spell at himself.
Sigmund flickers and vanishes!
Deactivating autopickup; reactivate with Ctrl-A.
Something tries to affect you, but you resist.
There is a stone staircase leading up here.
You climb upwards.
Reactivating autopickup.
You recover from your berserk rage.
There is a stone staircase leading down here.
You start waiting.
Done waiting.
You climb downwards.
Level annotation: Sigmund Sigmund hits you from afar with a +0 scythe.
There is a stone staircase leading up here.
A red film seems to cover your vision as you go berserk!
You feel yourself moving faster!
You feel mighty!
Sigmund hits you from afar with a +0 scythe.
* * * LOW HITPOINT WARNING * * *
You feel a strong urge to attack something.
Sigmund hits you with a +0 scythe.
* * * LOW HITPOINT WARNING * * *
Your ring mail prevents you from hitting Sigmund.
Sigmund barely misses you.
You slash Sigmund!
Sigmund is heavily wounded.
Sigmund hits you with a +0 scythe!
* * * LOW HITPOINT WARNING * * *
You hit Sigmund.
Sigmund is severely wounded.
You closely miss Sigmund.
Sigmund is severely wounded.
Sigmund points at you and mumbles some strange words.
The magic dart hits you!
You die...

* , , * , * ,
.. , *, #.* #
#. #. #.
...###.###
........<####
,.......#@...#
#####.@.##.#
##.## #
##.###.###
#......... *
#.###..### *
##.##*,.# *
##...##..#
#.###.....#..#


You could see Sigmund.

Vanquished Creatures
  An adder (D:2)
  An ooze (D:1)
  6 bats (D:1)
  4 giant cockroaches (D:1)
  4 goblins (D:1)
  3 hobgoblins (D:1)
  5 kobolds (D:1)
  4 frilled lizards (D:1)
  8 rats (D:1)
36 creatures vanquished.

Vanquished Creatures (others)
  4 toadstools (D:2)
4 creatures vanquished.

Grand Total: 40 creatures vanquished

Notes
Turn   | Place    | Note
-------+----------+-------------------------------------------
     0 | D:1      | night the Deep Dwarf Berserker began the quest for the Orb.
     0 | D:1      | Reached XP level 1. HP: 20/20 MP: 1/1
   155 | D:1      | Reached XP level 2. HP: 28/28 MP: 2/2
   281 | D:1      | Reached skill level 4 in Axes
   309 | D:1      | Reached XP level 3. HP: 21/34 MP: 3/3
   644 | D:2      | Found Raesued's Antique Weapon Emporium.
   654 | D:2      | Reached ** piety under Trog
   662 | D:2      | Noticed Sigmund
   790 | D:2      | Killed from afar by Sigmund

Illustrated notes

Levels and vault maps discovered:
D:1:      dpeg_arrival_simpleton_c, layout_basic
D:2:      layout_loops_ring, gammafunk_temple_of_torment, lemuel_round_altar,
          serial_shops, shop, minmay_gold_behind_fungi,
          okawaru_ov_weapons_minmay, uniq_sigmund

Skill      XL: |  1  2 |
---------------+-------+-----
Fighting       | 3 |  3.5
Axes           | 4 |  4.2
Armour         | |  2.1
Dodging        | |  2.1

Action                   || total
-------------------------++-------
Melee: Hand axe          ||    95
Invok: Berserk           ||     5
       Trog's Hand       ||     1
Armor: Animal skin       ||    25
       Ring mail         ||     6
Dodge: Dodged            ||    77

Table legend: (Time is in decaauts)
 A = Elapsed time spent in this place.
 B = Non-inter-level travel time spent in this place.
 C = Inter-level travel time spent in this place.
 D = Time resting spent in this place.
 E = Time spent auto-exploring this place.
 F = Levels seen in this place.
 G = Mean time per level.
                   A        B        C        D        E       F      G
               +--------+--------+--------+--------+--------+-----+--------+
         Total |    823 |    803 |     20 |    100 |    374 |   2 |  411.5 |
       Dungeon |    823 |    803 |     20 |    100 |    374 |   2 |  411.5 |
               +--------+--------+--------+--------+--------+-----+--------+

Top non-repeatable levels by time:
     D:1: 765 daAuts
     D:2: 57 daAuts
